 Dungeon Crawl Stone Soup version 0.30-a0-121-gb27577e5d9 (webtiles) character file.

Game seed: 14441800828818372622

1354733 AarnesTheHuman the Ogreish Ballista (level 27, 323/323 HPs)
             Began as an Ogre Gladiator on Sept 9, 2022.
             Was the Champion of Okawaru.
             Escaped with the Orb
             ... and 3 runes on Sept 14, 2022!
             The game lasted 05:22:22 (108503 turns).

AarnesTheHuman the Ogreish Ballista (OgGl)        Turns: 108503, Time: 05:22:22

Health: 323/323    AC: 35    Str: 34    XL:     27
Magic:  27/27      EV:  7    Int: 18    God:    Okawaru [******]
Gold:   6040       SH: 27    Dex: 18    Spells: 26/26 levels left

rFire   + + +      SeeInvis +    a - +8 whip "Snakebite" {venom, curare, rPois}
rCold   + + +      Faith    .    q - +3 tower shield of the Pirate {Rampage rF+ Int+2}
rNeg    . . .      Spirit   .    Y - +12 gold dragon scales
rPois   +          Reflect  +    W - +2 hat {Will+}
rElec   .          Harm     .    D - scarf {rC+ rF+}
rCorr   +          Rampage  +    (gloves unavailable)
Will    +++..                    (boots unavailable)
Stlth   ..........               H - amulet "Moraf" {Reflect rPois MP-9 Int+4 Dex+5 SH+5}
HPRegen 0.63/turn                O - ring of the Six Xalams {SInv Stlth+}
MPRegen 0.20/turn                u - ring of resist corrosion

@: studying Unarmed Combat
A: large, unfitting armour, tough skin 1, agile 1, clever 1, cold resistance 1,
inability to drink after injury 1
0: Orb of Zot
}: 3/15 runes: decaying, serpentine, silver
a: Renounce Religion, Heroism, Finesse, Duel


You escaped.
You worshipped Okawaru.
Okawaru was exalted by your worship.
You visited 10 branches of the dungeon, and saw 48 of its levels.
You also visited: Ossuary, Ice Cave and Volcano.

You collected 7690 gold pieces.
You spent 1650 gold pieces at shops.

Inventory:

Hand Weapons
 a - the +8 whip "Snakebite" (weapon) {venom, curare, rPois}
   (You found it on level 3 of the Lair of Beasts)

   It poisons the flesh of those it strikes.
   It occasionally inflicts asphyxiating poison on those it strikes, dealing
   poison damage and causing slowness.
   rPois:     It protects you from poison.
 o - a +9 demon whip of electrocution
 B - the +8 flail of Fywudaug {flame, rF+ Int+7}
   (You found it on level 7 of the Dungeon)

   It burns those it strikes, dealing additional fire damage.
   Int:       It affects your intelligence (+7).
   rF:        It protects you from fire.
 L - a +2 sacred scourge of holy wrath
Missiles
 d - a throwing net
 t - 39 large rocks
 A - 17 atropa-tipped darts
 C - 3 datura-tipped darts
 M - 14 curare-tipped darts
 Q - 7 boomerangs of dispersal
 U - 10 silver javelins
 X - 6 javelins (quivered)
Armour
 g - the +4 dragonskin cloak
   (You took it off Tiamat on level 3 of the Realm of Zot)

   It grants the wearer a chance to resist fire, cold, poison, electricity,
   acid, and negative energy.
 q - the +3 tower shield of the Pirate (worn) {Rampage rF+ Int+2}
   (Okawaru gifted it to you on level 2 of the Snake Pit)

   Int:       It affects your intelligence (+2).
   rF:        It protects you from fire.
   Rampage:   It bestows one free step when moving towards enemies.
 D - a scarf of resistance (worn)
 W - a +2 hat of willpower (worn)
 Y - +12 gold dragon scales (worn)
Magical Staves
 b - a staff of air
Jewellery
 r - a ring of protection from cold
 u - a ring of resist corrosion (right hand)
 v - a +4 ring of protection
 z - a ring of protection from fire
 H - the amulet "Moraf" (around neck) {Reflect rPois MP-9 Int+4 Dex+5 SH+5}
   (You took it off a deep elf death mage on level 3 of the Elven Halls)

   [amulet of reflection]

   It reflects blocked missile attacks.
   Int:       It affects your intelligence (+4).
   Dex:       It affects your dexterity (+5).
   rPois:     It protects you from poison.
   MP:        It affects your magic capacity (-9).
   SH:        It affects your SH (+5).
 J - a +4 ring of protection
 N - a ring of ice
 O - the ring of the Six Xalams (left hand) {SInv Stlth+}
   (You found it on level 3 of the Depths)

   [ring of see invisible]

   SInv:      It lets you see invisible.
   Stlth:     It makes you more stealthy.
 S - the ring of Reimbursement {rF+ rN+++ Will- Int+6 Stlth+}
   (You found it in an ice cave)

   [ring of intelligence]

   Int:       It affects your intelligence (+6).
   rF:        It protects you from fire.
   rN:        It renders you almost immune to negative energy.
   Will:      It decreases your willpower.
   Stlth:     It makes you more stealthy.
Wands
 e - a wand of digging (6)
 R - a wand of iceblast (35)
 V - a wand of polymorph (3)
Scrolls
 h - 11 scrolls of vulnerability
 i - 7 scrolls of fog
 j - 2 scrolls of silence
 s - 3 scrolls of fear
 y - 4 scrolls of poison
 F - 5 scrolls of magic mapping
 K - a scroll of brand weapon
 P - 16 scrolls of teleportation
 Z - 2 scrolls of blinking
Potions
 c - 7 potions of mutation
 f - 3 potions of ambrosia
 k - 6 potions of invisibility
 l - 3 potions of resistance
 m - 11 potions of cancellation
 n - 5 potions of magic
 p - 8 potions of haste
 w - 13 potions of curing
 x - 4 potions of heal wounds
 E - 9 potions of berserk rage
 G - 7 potions of flight
 I - 3 potions of might


   Skills:
 O Level 27 Fighting
 - Level 20.0 Maces & Flails
 O Level 27 Throwing
 + Level 16.0 Armour
 - Level 8.0 Dodging
 - Level 14.0 Shields
 + Level 19.5 Invocations


You had 26 spell levels left.
You didn't know any spells.
Your spell library contained the following spells:

 Spells                   Type           Power      Damage    Failure   Level
 Apportation              Tloc           0%         N/A       100%        1
 Beastly Appendage        Tmut           0%         N/A       100%        1
 Magic Dart               Conj           0%         1d3       100%        1
 Necrotise                Necr           0%         1d4       100%        1
 Shock                    Conj/Air       0%         1d3       100%        1
 Slow                     Hex            0%         N/A       100%        1
 Sting                    Tmut/Pois      0%         1d3       100%        1
 Blink                    Tloc           0%         N/A       100%        2
 Ensorcelled Hibernation  Hex/Ice        0%         N/A       100%        2
 Passwall                 Tmut/Erth      0%         N/A       100%        2
 Poisonous Vapours        Pois/Air       0%         N/A       100%        2
 Scorch                   Fire           0%         2d5       100%        2
 Searing Ray              Conj           0%         2d4       100%        2
 Static Discharge         Conj/Air       0%         3-3/arc   100%        2
 Sublimation of Blood     Necr           0%         N/A       100%        2
 Confusing Touch          Hex            0%         N/A       100%        3
 Dazzling Flash           Conj/Hex       0%         N/A       100%        3
 Frozen Ramparts          Ice            0%         1d1       100%        3
 Ignite Poison            Fire/Tmut/Pois 0%         N/A       100%        3
 Lesser Beckoning         Tloc           0%         N/A       100%        3
 Mephitic Cloud           Conj/Pois/Air  0%         N/A       100%        3
 Ozocubu's Armour         Ice            0%         N/A       100%        3
 Stone Arrow              Conj/Erth      0%         3d7       100%        3
 Swiftness                Air            0%         N/A       100%        3
 Vampiric Draining        Necr           0%         2d6       100%        3
 Airstrike                Air            0%         2d(0-16)  100%        4
 Cause Fear               Hex            0%         N/A       100%        4
 Dispel Undead            Necr           0%         3d6       100%        4
 Flame Wave               Conj/Fire      0%         2d4       100%        4
 Fulminant Prism          Conj/Hex       0%         3d6       100%        4
 Ice Form                 Ice/Tmut       0%         N/A       100%        4
 Leda's Liquefaction      Hex/Erth       0%         N/A       100%        4
 Manifold Assault         Tloc           0%         N/A       100%        4
 Olgreb's Toxic Radiance  Pois           0%         N/A       100%        4
 Passage of Golubria      Tloc           0%         N/A       100%        4
 Petrify                  Tmut/Erth      0%         N/A       100%        4
 Sticky Flame             Conj/Fire      0%         2d3       100%        4
 Agony                    Necr           0%         N/A       100%        5
 Alistair's Intoxication  Tmut/Pois      0%         N/A       100%        5
 Blade Hands              Tmut           0%         N/A       100%        5
 Fireball                 Conj/Fire      0%         3d3       100%        5
 Freezing Cloud           Conj/Ice/Air   0%         6-21      100%        5
 Irradiate                Conj/Tmut      0%         3d11      100%        5
 Iskenderun's Battlesphe  Conj           0%         2d6       100%        5
 Lee's Rapid Deconstruct  Erth           0%         3d5*      100%        5
 Lightning Bolt           Conj/Air       0%         1d11      100%        5
 Metabolic Englaciation   Hex/Ice        0%         N/A       100%        5
 Silence                  Hex/Air        0%         N/A       100%        5
 Yara's Violent Unravell  Hex/Tmut       0%         3d3       100%        5
 Conjure Ball Lightning   Conj/Air       0%         3x3d6     100%        6
 Iron Shot                Conj/Erth      0%         9d1       100%        6
 Starburst                Conj/Fire      0%         6d3       100%        6
 Statue Form              Tmut/Erth      0%         N/A       100%        6
 Dragon Form              Tmut           0%         N/A       100%        7
 Enfeeble                 Hex            0%         N/A       100%        7
 Orb of Destruction       Conj           0%         9d5       100%        7
 Ozocubu's Refrigeration  Ice            0%         4d7       100%        7
 Storm Form               Tmut/Air       0%         N/A       100%        7
 Ignition                 Fire           0%         3d3       100%        8
 Lehudib's Crystal Spear  Conj/Erth      0%         10d2      100%        8
 Maxwell's Capacitive Co  Air            0%         ∞         100%        8
 Necromutation            Tmut/Necr      0%         N/A       100%        8
 Polar Vortex             Ice            0%         N/A       100%        9
 Call Imp                 Summ           Unusable   N/A       N/A         2
 Tukima's Dance           Hex            Unusable   N/A       N/A         3
 Animate Armour           Summ/Erth      Unusable   N/A       N/A         4
 Summon Ice Beast         Ice/Summ       Unusable   N/A       N/A         4
 Summon Lightning Spire   Summ/Air       Unusable   N/A       N/A         4
 Simulacrum               Ice/Necr       Unusable   N/A       N/A         6
 Summon Cactus Giant      Summ           Unusable   N/A       N/A         6
 Dragon's Call            Summ           Unusable   N/A       N/A         9

Dungeon Overview and Level Annotations

Branches:
Dungeon (15/15)            Temple (1/1) D:6            Lair (5/5) D:10
  Swamp (4/4) Lair:2        Snake (4/4) Lair:3        Slime (0/5) Lair:4
    Orc (2/2) D:10            Elf (3/3) Orc:2        Vaults (5/5) D:13
  Crypt (0/3) Vaults:2     Depths (4/4) D:15            Zot (5/5) Depths:4
Ossuary (visited)           IceCv (visited)         Volcano (visited)

Altars:
Ashenzari
Cheibriados
Dithmenos
Elyvilon
Fedhas
Gozag
Hepliaklqana
Kikubaaqudgha
Makhleb
Nemelex Xobeh
Okawaru
Qazlal
Ru
Sif Muna
Trog
Uskayaw
Vehumet
Wu Jian
Xom
Yredelemnul
Zin
The Shining One
Jiyva
Lugonu

Shops:
D:7 :   Orc:2 :*([   Elf:2 [   Snake:1 =   Snake:4 =(:*:   Vaults:1 *
Vaults:5 *

Portals:
Hell: Depths:1 Depths:2 Depths:3 Depths:4
Abyss: Zot:3 Depths:2 Depths:3 Depths:4
Pandemonium: Depths:2
Ziggurat: Depths:1

Annotations:
Lair:2 1 runed translucent door, exclusion: door, tensugalgo's ghost, journeyman FeEE
Lair:4 exclusion: 4 downstairs
Swamp:1 exclusion: downstairs
Swamp:2 exclusion: downstairs
Orc:1 exclusion: downstairs
Elf:1 3 runed translucent doors, exclusions: 3 doors and downstairs, Hup Xekk's ghost, adept GrFi
Elf:2 3 runed translucent doors, exclusions: 3 doors and downstairs
Vaults:2 exclusion: 2 downstairs
Depths:1 exclusion: downstairs
Depths:4 3 runed translucent doors, exclusion: 3 doors, Edghat Camesk's ghost, veteran MiBe


Innate Abilities, Weirdness & Mutations

You are too large for most types of armour.
You have tough skin. (AC +1)
You are agile. (Dex +4, Str/Int -1)
Your mind is acute. (Int +4, Str/Dex -1)
Your flesh is cold resistant. (rC+)
You occasionally lose the ability to drink potions when taking damage.


Message History

Press: ? - help, Shift-Dir - straight line A rock wall.
This square is covered in magical glow.
The rock shatters into small pieces.
There is a stone staircase leading up here.
You climb upwards.
There is a stone staircase leading down here.
(D) Dungeon (T) Temple (L) Lair (S) Swamp (P) Snake Pit (M) Slime Pits (O) Orcish Mines (E) Elven Halls (V) Vaults (C) Crypt (U) Depths (H) Hell (Z) Zot
Where to? (Enter - D:1 @ (x,y), ? - help)
A rakshasa and a kobold come into view.
The kobold shouts!
Throw: 42 large rocks
Press: ? - help, Shift-Dir - straight line, f - rakshasa
Aim: a rakshasa, wielding a +0 long sword and wearing a +0 robe (71% to hit)
You throw a large rock. The large rock hits the rakshasa!!!
The rakshasa is almost dead.
Throw: 41 large rocks
Press: ? - help, Shift-Dir - straight line, f/p - rakshasa
Aim: a rakshasa, wielding a +0 long sword and wearing a +0 robe (almost dead, 71% to hit)
You throw a large rock. The large rock hits the rakshasa!!!!
You kill the rakshasa!
Okawaru accepts your kill.
Your Armour skill increases to level 16!
Throw: 40 large rocks
Press: ? - help, Shift-Dir - straight line, f - kobold
Aim: a kobold, wielding a +0 short sword (75% to hit)
You throw a large rock. The large rock hits the kobold!
You kill the kobold!
(D) Dungeon (T) Temple (L) Lair (S) Swamp (P) Snake Pit (M) Slime Pits (O) Orcish Mines (E) Elven Halls (V) Vaults (C) Crypt (U) Depths (H) Hell (Z) Zot
Where to? (Enter - D:1 @ (x,y), ? - help)
You open the door.
There is an open door here.
There is a staircase leading out of the dungeon here.
You have escaped!

..........###.# ##.###.##
.####........#######
##.#.##
..###.#)#####'.....##
##.## ......#.#
##.......## #.# ..#####.#
##.........## #.# .##
#.###...........#####.###
##
#.##.............#'.....#
#
#.##..............##.##.#
#
#.........@..........##.#
#
#.##..............#####.#
#
#..+.............##.....#
##
#..##...........'##.#####
.## ######.........####.#
..## ##..)....## #.#
...## ##.....## #.#
.)#.## ##############.#
..)..# #....# #......#


There were no monsters in sight!

Vanquished Creatures
  5 dread liches (Zot:5)
  Tiamat (Zot:3)
  2 ancient liches (Zot:5)
  Mennas (Vaults:5)
  Mara (Vaults:5)
  5 orbs of fire (Zot:5)
  3 juggernauts
  Boris (thrice) (Vaults:3 Depths:3 Depths:4)
  Parghit (Zot:2)
  9 Killer Klowns
  Bai Suzhen (Swamp:3)
  Margery (Vaults:5)
  2 caustic shrikes
  5 curse toes
  Nikola (Snake:1)
  the Enchantress (Depths:2)
  A bone dragon (Swamp:4)
  9 golden dragons
  4 electric golems
  A Hell Sentinel (D:9)
  20 tentacled monstrosities
  Jorgrun (Swamp:1)
  A walking crystal tome (Depths:3)
  A walking earthen tome (Depths:3)
  3 liches
  Rupert (D:13)
  27 Orb Guardians
  2 deep elf blademasters (Elf:3)
  11 quicksilver dragons
  6 titans (Vaults:5)
  Asterion (Vaults:3)
  8 sphinxes
  2 deep elf master archers (Elf:3)
  Gastronok (D:11)
  9 death cobs
  7 tengu reavers
  20 storm dragons
  2 thorn hunters
  Donald (Swamp:2)
  12 shadow dragons
  10 fire giants
  12 nagarajas
  Kirke (Lair:3)
  A rockslime (shapeshifter) (Vaults:5)
  8 draconian monks
  8 frost giants
  4 deep elf sorcerers
  6 draconian scorchers
  2 ghost moths
  An iron dragon (Vaults:5)
  2 balrugs
  10 vault wardens
  Aizul (Snake:2)
  3 draconian knights
  Louise (Snake:2)
  5 spriggan defenders
  6 draconian stormcallers
  8 draconian shifters
  An orc warlord (Orc:1)
  A reaper (Depths:4)
  9 ironbound preservers
  3 draconian annihilators
  7 deep elf elementalists
  22 very ugly things
  3 quicksilver oozes (shapeshifter)
  A war gargoyle (Vaults:5)
  15 stone giants
  6 ironbound thunderhulks
  11 green draconians
  4 black draconians
  Azrael (Snake:1)
  Nessos (D:14)
  7 yellow draconians
  5 deep elf demonologists
  18 purple draconians
  12 white draconians
  3 vampire knights
  8 deep elf annihilators
  5 bunyips
  6 spark wasps
  10 red draconians
  4 dire elephants
  2 green deaths
  7 deep elf death magi
  7 fire dragons
  Josephine (D:14)
  3 deep elf high priests
  3 great orbs of eyes
  A shambling mangrove (Swamp:3)
  14 yaktaur captains
  9 ettins
  3 ice dragons (Depths:2)
  A hell beast (Depths:4)
  3 salamander tyrants
  5 spriggan air magi
  25 vault guards
  5 ghost crabs
  8 hydras
  A peacekeeper (Vaults:2)
  4 boulder beetles
  17 centaur warriors
  2 rakshasas
  13 naga warriors
  6 two-headed ogres
  A catoblepas (Lair:5)
  7 ironbound frosthearts
  12 anacondas
  13 dancing weapons
  10 death yaks
  8 tengu warriors
  5 deep troll shamans
  9 alligators
  10 deep troll earth magi
  A hell hog (Depths:2)
  2 orc high priests
  2 death knights (Vaults:2)
  6 shock serpents
  8 hell knights
  Urug (D:12)
  7 spriggan berserkers
  2 sun demons
  9 naga sharpshooters
  18 deep elf knights
  Nergalle (Orc:2)
  A sixfirhy (D:4)
  A titan skeleton (Vaults:5)
  2 fire crabs (shapeshifter) (Depths:3)
  A fire crab (Lair:4)
  A quicksilver dragon simulacrum (Depths:4)
  A sea snake (shapeshifter) (Vaults:5)
  5 salamander mystics
  4 sea snakes (Snake:4)
  43 deep trolls
  11 iron trolls
  An orb spider (shapeshifter) (Depths:3)
  A spriggan druid (Swamp:1)
  A flayed ghost (Depths:1)
  9 goliath frogs
  4 glowing orange brains
  4 naga ritualists
  12 bog bodies
  3 spectral hydras (Swamp:4)
  12 deep elf archers
  2 phantasmal warriors (Vaults:5)
  16 ironbound convokers
  7 lindwurms
  A tengu zombie (Vaults:3)
  The ghost of Heedrag the Basher, a novice MiFi of Okawaru (D:3)
  6 orc knights
  22 deep elf pyromancers
  22 deep elf zephyrmancers
  5 wizards
  5 harpies (Vaults:1)
  A mana viper (shapeshifter) (Vaults:5)
  9 necromancers
  2 orc sorcerers
  7 mana vipers
  A wolf spider (shapeshifter) (Vaults:5)
  24 ugly things
  A frost giant zombie (Vaults:5)
  A tengu skeleton (Vaults:3)
  16 moths of wrath
  3 oklob plants
  20 salamanders
  7 cyclopes
  A shadow dragon skeleton (Vaults:5)
  A salamander (shapeshifter) (Depths:3)
  A will-o-the-wisp (Swamp:2)
  2 human skeletons
  A manticore (D:15)
  14 elephants
  An ice statue (IceCv)
  5 molten gargoyles (Volcano)
  26 black mambas
  3 guardian serpents
  20 vault sentinels
  14 cane toads
  A smoke demon (Depths:2)
  2 water nymphs (shapeshifter)
  22 naga magi
  4 gargoyles
  5 swamp worm zombies (Swamp:4)
  A torpor snail (Lair:1)
  3 unseen horrors (Depths:3)
  4 rime drakes
  2 efreet
  A kobold demonologist (D:12)
  A rime drake (shapeshifter) (Depths:3)
  The ghost of dittoslash the Trooper, an amateur OgBe of Trog (D:4)
  2 tengu conjurers (D:14)
  A yaktaur zombie (Vaults:3)
  14 komodo dragons
  10 yaktaurs
  A freezing wraith (D:14)
  A hellwing (Zot:1)
  A polar bear (shapeshifter) (Depths:3)
  A meliai (shapeshifter) (Depths:3)
  16 polar bears
  2 hydra zombies (Swamp:4)
  2 trolls (shapeshifter)
  7 trolls
  9 blink frogs
  6 bloated husks
  12 hornets
  A slime creature (shapeshifter) (Depths:3)
  Grinder (D:5)
  32 slime creatures
  6 tyrant leeches
  3 spectral swamp dragons (Swamp:4)
  4 dream sheep
  2 snapping turtles (shapeshifter)
  The ghost of aspa the Magician, an amateur OpHW (D:4)
  4 alligator zombies (Swamp:4)
  A fire giant simulacrum (Vaults:5)
  2 jumping spiders (shapeshifter)
  22 spriggans
  3 air elementals
  8 wyverns
  10 wraiths
  A ynoxinul (D:13)
  A spriggan (shapeshifter) (Depths:3)
  11 water elementals
  2 yaks (shapeshifter) (Depths:3)
  The ghost of Heedrag the Trooper, an amateur MiFi (D:3)
  57 yaks
  18 humans
  12 large abominations
  A chaos spawn (Depths:3)
  The ghost of Voker57 the Ducker, an amateur DsGl (D:3)
  An elf skeleton (Vaults:3)
  A redback (shapeshifter) (Vaults:5)
  7 basilisks
  21 vampire mosquitoes
  Grum (D:8)
  2 hogs
  A steam dragon (D:9)
  Menkaure (Ossuary)
  3 wargs
  3 small abominations (Depths:3)
  A yaktaur simulacrum (Vaults:3)
  14 swamp worms
  An acid dragon (D:11)
  47 nagas
  5 hell hounds (Snake:1)
  15 water moccasins
  2 swamp drakes
  28 orc warriors
  6 black bears
  An ice beast (D:6)
  An ettin simulacrum (Vaults:3)
  4 swamp dragon zombies (Swamp:4)
  41 wolves
  A human zombie (Vaults:3)
  5 ogres
  19 centaurs
  4 boggarts (Lair:5)
  9 phantoms
  2 kobold brigands
  An elf zombie (Elf:1)
  23 bullfrogs
  A gnoll sergeant (D:11)
  3 earth elementals
  A necrophage (D:4)
  3 wights
  22 killer bees
  3 howler monkeys
  5 electric eels
  3 centaur zombies (Ossuary)
  A hound (D:7)
  20 orc priests
  A gnoll bouda (D:6)
  Jessica (D:3)
  Natasha (thrice) (D:3)
  5 iguanas
  32 orc wizards
  7 hell rats
  2 ogre zombies (Ossuary)
  6 mummies (Ossuary)
  11 gnolls
  5 adders
  2 swamp drake zombies (Swamp:4)
  2 white imps
  2 ufetubi
  5 adder zombies (Ossuary)
  2 worms
  3 dart slugs
  95 orcs
  5 endoplasms
  6 giant cockroaches
  2 gnoll zombies (Ossuary)
  13 goblins
  8 hobgoblins
  12 jackals
  22 kobolds
  2 quokkas
  9 ball pythons
  8 bats
  3 frilled lizards
  3 goblin zombies (Ossuary)
  4 hobgoblin zombies (Ossuary)
  3 kobold zombies (Ossuary)
  4 quokka zombies (Ossuary)
  5 rats
  4 rat zombies (Ossuary)
  A lurking horror (Zot:3)
2070 creatures vanquished.

Vanquished Creatures (others)
  A yellow draconian (Zot:3)
  A salamander (Snake:3)
  7 bloated husks (Swamp:3)
  A swamp dragon zombie (Swamp:4)
  A centaur (D:13)
  An adder (D:6)
  38 fungi
  60 plants
  2 withered plants (Lair:2)
112 creatures vanquished.

Grand Total: 2182 creatures vanquished

Notes
Turn   | Place    | Note
-------+----------+-------------------------------------------
     0 | D:1      | AarnesTheHuman the Ogre Gladiator began the quest for the
                  | Orb.
     0 | D:1      | Reached XP level 1. HP: 22/22 MP: 1/1
   162 | D:1      | Reached XP level 2. HP: 27/29 MP: 2/2
   903 | D:2      | Reached XP level 3. HP: 36/36 MP: 3/3
   976 | D:2      | Found a faded altar of an unknown god.
  1510 | D:2      | Reached XP level 4. HP: 44/44 MP: 4/4
  2252 | D:3      | Noticed Jessica
  2254 | D:3      | Killed Jessica
  2255 | D:3      | Reached skill level 5 in Maces & Flails
  2255 | D:3      | Reached XP level 5. HP: 52/52 MP: 5/5
  2887 | D:3      | Noticed Natasha
  2892 | D:3      | Killed Natasha
  2960 | D:3      | Noticed Natasha
  2963 | D:3      | Killed Natasha
  2983 | D:3      | Noticed Natasha
  2991 | D:3      | Killed Natasha
  2992 | D:3      | Reached XP level 6. HP: 56/62 MP: 6/6
  3464 | D:4      | Noticed a water moccasin
  3749 | D:4      | Found a glowing silver altar of Zin.
  3749 | D:4      | Found a basalt altar of Yredelemnul.
  3754 | D:4      | Reached skill level 5 in Fighting
  3761 | D:4      | Found a bloodstained altar of Trog.
  3763 | D:4      | Found a broken altar of Ashenzari.
  3786 | D:4      | Found a hide-covered altar of Uskayaw.
  3877 | D:4      | Killed a water moccasin
  3878 | D:4      | Reached XP level 7. HP: 21/74 MP: 7/7
  4113 | D:4      | Reached skill level 5 in Throwing
  4423 | D:4      | Found a runed translucent gate.
  4423 | D:4      | Found a runed translucent gate.
  4424 | D:4      | Found a runed translucent gate.
  4425 | D:4      | Noticed Heedrag's ghost (amateur MiFi)
  4425 | D:4      | Noticed dittoslash's ghost (amateur OgBe)
  4425 | D:4      | Noticed Heedrag's ghost (novice MiFi)
  4425 | D:4      | Noticed Voker57's ghost (amateur DsGl)
  4425 | D:4      | Noticed aspa's ghost (amateur OpHW)
  4590 | D:4      | Found a blossoming altar of Fedhas.
  4673 | D:5      | Entered Level 5 of the Dungeon
  4783 | D:5      | Noticed Grinder
  4785 | D:5      | Paralysed by Grinder for 4 turns
  4934 | D:5      | Paralysed by Grinder for 4 turns
  4940 | D:5      | Killed Grinder
  4941 | D:5      | Reached skill level 1 in Armour
  4941 | D:5      | Reached XP level 8. HP: 84/84 MP: 8/8
  5457 | D:6      | Noticed a yak
  5457 | D:6      | Noticed a yak
  5459 | D:6      | Noticed a yak
  5460 | D:6      | Noticed a yak
  5462 | D:6      | Noticed a yak
  5463 | D:6      | Killed a yak
  5463 | D:6      | Killed a yak
  5466 | D:6      | Noticed a yak
  5469 | D:6      | Killed a yak
  5471 | D:5      | Killed a yak
  5472 | D:5      | Reached XP level 9. HP: 80/97 MP: 9/9
  6068 | D:6      | Found a sand-covered staircase.
  6078 | Ossuary  | Entered an ossuary
  6606 | Ossuary  | Noticed Menkaure
  6634 | Ossuary  | Killed Menkaure
  6635 | Ossuary  | Reached skill level 10 in Fighting
  6635 | Ossuary  | Reached skill level 5 in Dodging
  7391 | D:6      | Found a staircase to the Ecumenical Temple.
  7431 | Temple   | Entered the Ecumenical Temple
  7505 | Temple   | Became a worshipper of Warmaster Okawaru
  7606 | D:6      | Found a radiant altar of Vehumet.
  8314 | D:7      | Reached skill level 1 in Invocations
  8357 | D:7      | Found a shimmering blue altar of Sif Muna.
  8677 | D:7      | Found a sacrificial altar of Ru.
  8764 | D:7      | Noticed a two-headed ogre
  8813 | D:7      | Killed a two-headed ogre
  8813 | D:7      | Reached * piety under Okawaru
  8814 | D:7      | Reached skill level 5 in Invocations
  8814 | D:7      | Reached XP level 10. HP: 113/113 MP: 11/14
  9061 | D:7      | Found Ahic's Book Emporium.
  9066 | D:7      | Identified the +8 flail of Fywudaug {flame, rF+ Int+7}
  9337 | D:8      | Noticed a two-headed ogre
  9354 | D:8      | Killed a two-headed ogre
  9354 | D:8      | Reached ** piety under Okawaru
 10058 | D:8      | Noticed Grum
 10290 | D:8      | Killed Grum
 12858 | D:9      | Reached *** piety under Okawaru
 12992 | D:9      | Reached XP level 11. HP: 97/120 MP: 15/15
 13011 | D:9      | HP: 6/120 [wyvern (12)]
 13496 | D:9      | Noticed a two-headed ogre
 13508 | D:9      | Killed a two-headed ogre
 13540 | D:9      | Noticed a cyclops
 13546 | D:9      | Killed a cyclops
 13547 | D:9      | Reached skill level 10 in Maces & Flails
 14698 | D:10     | Entered Level 10 of the Dungeon
 14894 | D:10     | Reached **** piety under Okawaru
 15049 | D:10     | Noticed a cyclops
 15074 | D:10     | Killed a cyclops
 15111 | D:10     | Noticed an oklob plant
 15116 | D:10     | Found a staircase to the Lair.
 15594 | D:10     | Found a staircase to the Orcish Mines.
 16151 | D:11     | Noticed Gastronok
 16191 | D:11     | Killed Gastronok
 16191 | D:11     | Reached ***** piety under Okawaru
 16895 | D:11     | Noticed a two-headed ogre
 16908 | D:11     | Killed a two-headed ogre
 16908 | D:11     | Received a gift from Okawaru
 16908 | D:11     | Noticed a white ugly thing
 16918 | D:11     | Killed a white ugly thing
 17281 | D:11     | Noticed a boulder beetle
 17294 | D:11     | Killed a boulder beetle
 17294 | D:11     | Identified the +1 robe of Theory {rN+} (Okawaru gifted it
                  | to you on level 11 of the Dungeon)
 17294 | D:11     | Received a gift from Okawaru
 17295 | D:11     | Reached XP level 12. HP: 107/132 MP: 16/16
 18065 | D:12     | Identified a scroll of acquirement
 18065 | D:12     | Acquired a manual of Fighting
 18334 | Lair:1   | Entered Level 1 of the Lair of Beasts
 18408 | Lair:1   | Reached skill level 10 in Throwing
 18960 | Lair:1   | You fall into a shaft and drop 1 floor!
 19086 | Lair:2   | Found a dark tunnel.
 19093 | Volcano  | Entered a volcano
 19388 | Volcano  | Noticed an orb of fire
 19428 | Volcano  | Reached skill level 15 in Fighting
 19431 | Volcano  | Received a gift from Okawaru
 19443 | Volcano  | Reached XP level 13. HP: 40/149 MP: 12/17
 19588 | Volcano  | Noticed an orb of fire
 19793 | Volcano  | Received a gift from Okawaru
 19815 | Volcano  | Identified the +1 helmet "Noul" {rElec}
 20057 | Lair:1   | Received a gift from Okawaru
 20467 | Lair:2   | Found a runed translucent door.
 20468 | Lair:2   | Noticed tensugalgo's ghost (journeyman FeEE)
 21240 | Lair:2   | Found a staircase to the Swamp.
 21642 | Lair:3   | Reached ****** piety under Okawaru
 21688 | Lair:3   | Received a gift from Okawaru
 21774 | Lair:3   | Found a frozen archway.
 21787 | IceCv    | Entered an ice cave
 22349 | IceCv    | Reached XP level 14. HP: 80/166 MP: 12/19
 22362 | IceCv    | Received a gift from Okawaru
 22494 | IceCv    | Identified the ring of Reimbursement {rF+ rN+++ Will- Int+6
                  | Stlth+}
 22952 | Lair:2   | Upgraded the game from 0.30-a0-55-g90e3122c3a to
                  | 0.30-a0-57-g8b159a9891
 23481 | Lair:3   | Found a staircase to the Snake Pit.
 23658 | Lair:3   | Identified the +0 ring mail of the Sea {rElec rC+ Slay+3}
 24298 | Lair:3   | Found the +8 whip "Snakebite" {venom, curare, rPois}
 24517 | Lair:4   | Identified the +0 swamp dragon scales of Geylicy {Rampage
                  | rPois rCorr Int-3 Slay+5} (Okawaru gifted it to you on
                  | level 4 of the Lair of Beasts)
 24517 | Lair:4   | Received a gift from Okawaru
 25005 | Lair:4   | Reached skill level 10 in Invocations
 25231 | Lair:4   | Found a staircase to the Slime Pits.
 25454 | Lair:5   | Entered Level 5 of the Lair of Beasts
 25854 | Lair:5   | Reached XP level 15. HP: 149/180 MP: 22/22
 26290 | Lair:5   | Reached skill level 5 in Armour
 26908 | Lair:5   | Received a gift from Okawaru
 27285 | D:3      | Killed Heedrag's ghost
 27287 | D:3      | Killed Voker57's ghost
 27406 | D:3      | Killed Heedrag's ghost
 27437 | D:4      | Killed dittoslash's ghost
 27465 | D:4      | Killed aspa's ghost
 27475 | D:4      | Identified the amulet of Boint {Faith Str+2}
 27940 | Lair:5   | Received a gift from Okawaru
 28676 | D:12     | Noticed Urug
 28682 | D:12     | Killed Urug
 28682 | D:12     | Received a gift from Okawaru
 28893 | D:12     | Identified the +1 robe of Gozag's Fury {Int+2}
 29259 | Orc:1    | Entered Level 1 of the Orcish Mines
 29305 | Orc:1    | You fall into a shaft and drop 1 floor!
 29305 | Orc:2    | Entered Level 2 of the Orcish Mines
 29374 | Orc:1    | Received a gift from Okawaru
 30654 | Orc:2    | Noticed Nergalle
 30663 | Orc:2    | Killed Nergalle
 30809 | Orc:2    | Noticed an orc warlord
 30843 | Orc:1    | Killed an orc warlord
 31022 | Orc:2    | Received a gift from Okawaru
 31389 | Orc:2    | Found Cofuryox's Antique Weapon Boutique.
 31395 | Orc:2    | Found Tiphyreq's Antique Armour Boutique.
 31442 | Orc:2    | Found Nuudomer's Book Boutique.
 31574 | Orc:2    | Found a staircase to the Elven Halls.
 31844 | Orc:2    | Found Irphej's General Store.
 31851 | Orc:2    | Bought a scroll of teleportation for 30 gold pieces
 32119 | D:13     | Found a gate to the Vaults.
 32649 | D:13     | Reached skill level 15 in Throwing
 32673 | D:13     | Reached XP level 16. HP: 186/191 MP: 24/24
 32691 | D:13     | Received a gift from Okawaru
 33599 | D:13     | Received a gift from Okawaru
 34269 | D:14     | Noticed Rupert
 34305 | D:13     | Killed Rupert
 34646 | D:14     | Received a gift from Okawaru
 35304 | D:14     | Noticed Josephine
 35318 | D:14     | Killed Josephine
 35374 | D:14     | Noticed Nessos
 35378 | D:14     | Killed Nessos
 35406 | D:14     | Identified the +2 cloak "Kodeg" {Str+5}
 35739 | D:15     | Entered Level 15 of the Dungeon
 36608 | D:15     | Found a staircase to the Depths.
 36888 | Snake:1  | Entered Level 1 of the Snake Pit
 36888 | Snake:1  | Noticed Nikola
 36991 | Swamp:1  | Entered Level 1 of the Swamp
 37527 | Swamp:1  | Identified the +1 cloak of Space {Str+6 Int+2} (Okawaru
                  | gifted it to you on level 1 of the Swamp)
 37527 | Swamp:1  | Received a gift from Okawaru
 37671 | Swamp:1  | Noticed Jorgrun
 37688 | Swamp:1  | Killed Jorgrun
 37956 | Swamp:1  | Noticed a thorn hunter
 37962 | Swamp:1  | Killed a thorn hunter
 38737 | Swamp:2  | You fall into a shaft and drop 1 floor!
 39183 | Swamp:2  | Noticed Donald
 39229 | Swamp:2  | Killed Donald
 39615 | Swamp:3  | Noticed Bai Suzhen
 40176 | Swamp:3  | Reached skill level 1 in Shields
 40181 | Swamp:3  | Reached XP level 17. HP: 117/201 MP: 25/25
 40480 | Swamp:3  | Killed Bai Suzhen
 40622 | Swamp:3  | Identified the +9 giant club of the Mauling Gods {vamp, rF+
                  | rC+ rN+} (Okawaru gifted it to you on level 3 of the Swamp)
 40622 | Swamp:3  | Received a gift from Okawaru
 40817 | Swamp:3  | Reached skill level 5 in Shields
 41328 | Swamp:4  | Entered Level 4 of the Swamp
 43474 | Swamp:4  | Identified the +5 flail of Moral Flaws {freeze, Str+2
                  | Stlth+} (Okawaru gifted it to you on level 4 of the Swamp)
 43474 | Swamp:4  | Received a gift from Okawaru
 43938 | Swamp:4  | Reached skill level 15 in Maces & Flails
 44736 | Swamp:4  | Noticed a bone dragon
 44742 | Swamp:4  | Killed a bone dragon
 45236 | Swamp:4  | Got a decaying rune of Zot
 45523 | Snake:1  | Killed Nikola
 45980 | Snake:1  | Noticed Kirke
 46559 | Lair:3   | Killed Kirke
 47000 | Snake:1  | Received a gift from Okawaru
 47304 | Snake:1  | Found Neggif's Jewellery Shop.
 47449 | Snake:1  | Noticed Azrael
 47456 | Snake:1  | Killed Azrael
 47795 | Snake:2  | Reached XP level 18. HP: 210/210 MP: 26/26
 48288 | Snake:2  | Identified the +3 tower shield of the Pirate {Rampage rF+
                  | Int+2} (Okawaru gifted it to you on level 2 of the Snake
                  | Pit)
 48288 | Snake:2  | Received a gift from Okawaru
 48672 | Snake:2  | Noticed Louise
 48680 | Snake:2  | Killed Louise
 49293 | Snake:3  | Noticed Aizul
 49305 | Snake:2  | Killed Aizul
 51215 | Snake:4  | Entered Level 4 of the Snake Pit
 51316 | Snake:4  | Found Duazy's Jewellery Boutique.
 52484 | Snake:4  | Received a gift from Okawaru
 52846 | Snake:4  | Got a serpentine rune of Zot
 52908 | Snake:4  | Reached XP level 19. HP: 221/221 MP: 28/28
 52948 | Snake:4  | Received a gift from Okawaru
 53249 | Snake:4  | Found Hexko's Book Shop.
 53249 | Snake:4  | Found Kusuidep's Antique Weapon Boutique.
 53250 | Snake:4  | Found Peop's Book Boutique.
 53254 | Snake:4  | Found Biur's Assorted Antiques.
 53263 | Snake:4  | Bought a blackened whip for 225 gold pieces
 53263 | Snake:4  | Identified the +4 whip "Fabop" {flame, *Slow +Blink Int+9}
                  | (You bought it in a shop on level 4 of the Snake Pit)
 53273 | Snake:4  | Bought a manual of Armour for 1200 gold pieces
 54190 | Vaults:1 | Entered Level 1 of the Vaults
 54194 | Vaults:1 | Identified the +8 sling of Plunder {freeze, rF+}
 54236 | Vaults:1 | Received a gift from Okawaru
 54585 | Vaults:1 | Found Roelu's Assorted Antiques.
 55784 | Vaults:1 | Reached skill level 10 in Armour
 56705 | Vaults:1 | Identified the +1 helmet of Isefax {rN+ Str-5 Int+3 Slay+3}
 57195 | Vaults:1 | Identified the +5 acid dragon scales of Knowledge {rF+ rC+
                  | rN+ rCorr SInv} (Okawaru gifted it to you on level 1 of the
                  | Vaults)
 57195 | Vaults:1 | Received a gift from Okawaru
 58512 | Vaults:2 | Identified the +0 cloak of the Okapi {Dex+3 Stlth+}
 58761 | Vaults:2 | Reached XP level 20. HP: 224/234 MP: 30/30
 59478 | Vaults:2 | Found a staircase to the Crypt.
 59686 | Vaults:3 | Received a gift from Okawaru
 60234 | Vaults:3 | Noticed Asterion
 60245 | Vaults:3 | Killed Asterion
 60303 | Vaults:3 | Noticed Boris
 60311 | Vaults:3 | Killed Boris
 62331 | Vaults:4 | Received a gift from Okawaru
 62754 | Vaults:4 | Received a gift from Okawaru
 63280 | Vaults:4 | Identified the -1 kite shield "Siseos" {Drain +Inv Regen+
                  | Dex+4}
 63954 | Vaults:4 | Identified the +2 cloak of Dice, Bag, and Bottle {Contam
                  | rN+ Dex+3} (Okawaru gifted it to you on level 4 of the
                  | Vaults)
 63954 | Vaults:4 | Received a gift from Okawaru
 65057 | Elf:1    | Entered Level 1 of the Elven Halls
 65640 | Elf:1    | Found a shimmering blue altar of Sif Muna.
 66527 | Elf:1    | Paralysed by an air elemental for 1 turns
 66666 | Elf:1    | Found a runed translucent gate.
 66678 | Elf:1    | Reached XP level 21. HP: 236/245 MP: 31/31
 66696 | Elf:1    | Found a runed translucent gate.
 66696 | Elf:1    | Found a runed translucent gate.
 66697 | Elf:1    | Noticed Hup Xekk's ghost (adept GrFi)
 67051 | Elf:1    | Found a viscous altar of Jiyva.
 67131 | Elf:2    | Received a gift from Okawaru
 67155 | Elf:2    | Found Uliro's Armour Shop.
 67269 | Elf:2    | Identified the +10 spear of Domination {vorpal, rF+++}
 67410 | Elf:2    | Identified the +6 hand axe "Suahogat" {holy, rPois Str+8
                  | Int-3 SInv}
 67883 | Elf:2    | Received a gift from Okawaru
 67886 | Elf:2    | Found a runed translucent gate.
 67886 | Elf:2    | Found a runed translucent gate.
 67898 | Elf:2    | Found a runed translucent gate.
 68016 | Elf:3    | Entered Level 3 of the Elven Halls
 68151 | Elf:3    | Got the Incunabulum of the Reshaped Inferno
 68177 | Elf:3    | Received a gift from Okawaru
 69031 | Elf:3    | Received a gift from Okawaru
 69331 | Elf:3    | Identified the +0 robe of Eloxt {rPois rF- rN+}
 69481 | Elf:3    | Identified the amulet "Moraf" {Reflect rPois MP-9 Int+4
                  | Dex+5 SH+5}
 69898 | Elf:3    | Found the +4 robe of Folly {Brilliance Will-∞ Int+8}
 69910 | Elf:3    | Identified the ring "Sokaqott" {rPois Str+4 Dex+6}
 69949 | Elf:3    | Got the Papyrus of Hurtful Poisoning
 70292 | Elf:3    | Found a radiant altar of Vehumet.
 70862 | Depths:1 | Entered Level 1 of the Depths
 70863 | Depths:1 | Found a one-way gateway to a ziggurat.
 71028 | Depths:1 | Found a gateway to Hell.
 72017 | Depths:2 | Reached XP level 22. HP: 257/257 MP: 22/33
 72018 | Depths:2 | Identified the +0 robe "Jinani" {rElec Will+ Int+4 Slay+5}
                  | (Okawaru gifted it to you on level 2 of the Depths)
 72018 | Depths:2 | Received a gift from Okawaru
 72193 | Depths:2 | Found a one-way gate to the infinite horrors of the Abyss.
 72218 | Depths:2 | Found a one-way gate leading to the halls of Pandemonium.
 73139 | Depths:2 | Noticed the Enchantress
 73179 | Depths:2 | Killed the Enchantress
 73325 | Depths:2 | Reached skill level 15 in Invocations
 73529 | Depths:2 | Noticed a caustic shrike
 73533 | Depths:2 | Killed a caustic shrike
 73781 | Depths:2 | Noticed a juggernaut
 73799 | Depths:2 | Killed a juggernaut
 74077 | Depths:2 | Noticed a golden dragon
 74083 | Depths:2 | Killed a golden dragon
 74842 | Depths:2 | Received a gift from Okawaru
 75235 | Orc:2    | Bought a scroll of enchant weapon for 75 gold pieces
 77038 | Depths:3 | Noticed a golden dragon
 77041 | Depths:3 | Killed a golden dragon
 77047 | Depths:3 | Identified the ring of the Six Xalams {SInv Stlth+}
 77217 | Depths:3 | Noticed a caustic shrike
 77218 | Depths:3 | Killed a caustic shrike
 77327 | Depths:3 | Received a gift from Okawaru
 77566 | Depths:3 | Noticed Boris
 77573 | Depths:3 | Killed Boris
 77630 | Depths:3 | Noticed a golden dragon
 77637 | Depths:3 | Killed a golden dragon
 77875 | Depths:3 | Identified the +5 giant club "Byvaatioc" {flame, rPois rC+}
                  | (Okawaru gifted it to you on level 3 of the Depths)
 77875 | Depths:3 | Received a gift from Okawaru
 78102 | Depths:3 | Reached skill level 10 in Shields
 78411 | Depths:4 | Entered Level 4 of the Depths
 78944 | Depths:4 | Noticed a juggernaut
 78952 | Depths:4 | Noticed a juggernaut
 78957 | Depths:4 | Killed a juggernaut
 78960 | Depths:4 | Killed a juggernaut
 78961 | Depths:4 | Reached XP level 23. HP: 227/267 MP: 25/34
 79584 | Depths:3 | Received a gift from Okawaru
 79911 | Depths:4 | Found a blossoming altar of Fedhas.
 79952 | Depths:4 | Identified the ring "Ekkacext" {Fly Int+4}
 80461 | Depths:4 | Identified the ring "Vunnicer" {Fire Str+4 SInv}
 80468 | Depths:4 | Noticed Boris
 80473 | Depths:4 | Killed Boris
 80587 | Depths:4 | Received a gift from Okawaru
 80847 | Depths:4 | Noticed Edghat Camesk's ghost (veteran MiBe)
 80917 | Depths:4 | Found a runed translucent gate.
 80917 | Depths:4 | Found a runed translucent gate.
 80917 | Depths:4 | Found a runed translucent gate.
 81080 | Depths:4 | Identified the +2 kite shield of the Holding Gods {Harm
                  | rPois} (Okawaru gifted it to you on level 4 of the Depths)
 81080 | Depths:4 | Received a gift from Okawaru
 81757 | Depths:4 | Found a gate to the Realm of Zot.
 82352 | Vaults:5 | Entered Level 5 of the Vaults
 82352 | Vaults:5 | Noticed Margery
 82354 | Vaults:5 | Noticed Mara
 85049 | Vaults:5 | Noticed Mennas
 85070 | Vaults:5 | Received a gift from Okawaru
 85078 | Vaults:5 | Killed Mennas
 85345 | Vaults:5 | Noticed AarnesTheHuman's illusion
 85346 | Vaults:5 | Killed Mara
 85368 | Vaults:5 | Received a gift from Okawaru
 85369 | Vaults:5 | Reached XP level 24. HP: 278/278 MP: 25/34
 85672 | Vaults:5 | Identified the +8 morningstar "Niteen" {drain, Str+3 Int+2}
 85742 | Vaults:5 | Identified the +0 robe "Sigg" {rF+ Str+4} (Okawaru gifted
                  | it to you on level 5 of the Vaults)
 85742 | Vaults:5 | Received a gift from Okawaru
 85773 | Vaults:5 | Noticed a shard shrike
 85775 | Vaults:5 | a shard shrike changed into a rockslime
 86072 | Vaults:5 | Killed Margery
 86284 | Vaults:5 | Got a silver rune of Zot
 86699 | Vaults:5 | Found Zeh Qykh's Assorted Antiques.
 87597 | Vaults:5 | Got the Octavo of Cunning Profane Rituals
 88168 | Zot:1    | Entered Level 1 of the Realm of Zot
 88408 | Zot:1    | Upgraded the game from 0.30-a0-57-g8b159a9891 to
                  | 0.30-a0-121-gb27577e5d9
 88992 | Zot:1    | Received a gift from Okawaru
 90421 | Zot:2    | Noticed a Killer Klown
 90429 | Zot:2    | Killed a Killer Klown
 90490 | Zot:2    | Reached XP level 25. HP: 221/292 MP: 25/34
 90991 | Zot:2    | Noticed a Killer Klown
 90997 | Zot:2    | Killed a Killer Klown
 91811 | Zot:2    | Noticed Parghit
 92233 | Zot:2    | Killed Parghit
 94503 | Zot:3    | Identified the +1 cloak "Latitzot" {Fly rElec} (Okawaru
                  | gifted it to you on level 3 of the Realm of Zot)
 94503 | Zot:3    | Received a gift from Okawaru
 95950 | Zot:3    | Found a corrupted altar of Lugonu.
 96109 | Zot:3    | Found the +4 dragonskin cloak
 96109 | Zot:3    | Noticed Tiamat
 96140 | Zot:3    | Killed Tiamat
 97386 | Zot:3    | Found a corrupted altar of Lugonu.
 99213 | Orc:2    | Bought a potion of might for 40 gold pieces
 99213 | Orc:2    | Bought a potion of might for 40 gold pieces
 99213 | Orc:2    | Bought a scroll of poison for 40 gold pieces
100472 | Zot:5    | Entered Level 5 of the Realm of Zot
100859 | Zot:5    | Identified the +6 shadow dragon scales "Heps" {rElec Will-
                  | Str-4 Int+8 Stlth++++} (Okawaru gifted it to you on level 5
                  | of the Realm of Zot)
100859 | Zot:5    | Received a gift from Okawaru
101325 | Zot:4    | Reached XP level 26. HP: 228/309 MP: 26/35
101657 | Zot:5    | Noticed an orb of fire
101657 | Zot:5    | Gained mutation: Your body sometimes deteriorates upon
                  | taking damage. [an orb of fire]
101661 | Zot:5    | Killed an orb of fire
101705 | Zot:5    | Noticed an ancient lich
101706 | Zot:5    | Noticed a Killer Klown
101721 | Zot:5    | Killed an ancient lich
101721 | Zot:5    | Killed a Killer Klown
101722 | Zot:5    | Reached skill level 27 in Throwing
101810 | Zot:5    | Noticed an orb of fire
101814 | Zot:5    | Gained mutation: You are occasionally teleported next to
                  | monsters. [an orb of fire]
101819 | Zot:5    | Killed an orb of fire
101895 | Zot:5    | Noticed a dread lich
101900 | Zot:5    | Killed a dread lich
101901 | Zot:5    | Noticed an orb of fire
101903 | Zot:5    | Gained mutation: You do not regenerate when monsters are
                  | visible. [an orb of fire]
101906 | Zot:5    | Killed an orb of fire
102164 | D:15     | Lost mutation: You are occasionally teleported next to
                  | monsters. [potion of mutation]
102164 | D:15     | Lost mutation: Your body sometimes deteriorates upon taking
                  | damage. [potion of mutation]
102164 | D:15     | Lost mutation: You do not regenerate when monsters are
                  | visible. [potion of mutation]
102164 | D:15     | Gained mutation: You are agile. (Dex +4, Str/Int -1)
                  | [potion of mutation]
102164 | D:15     | Gained mutation: Your flesh is cold resistant. (rC+)
                  | [potion of mutation]
102164 | D:15     | Gained mutation: Your mind is acute. (Int +4, Str/Dex -1)
                  | [potion of mutation]
102515 | Zot:5    | Noticed a dread lich
102520 | Zot:5    | Killed a dread lich
102521 | Zot:5    | Reached skill level 27 in Fighting
103224 | Zot:5    | Noticed an ancient lich
103231 | Zot:5    | Noticed a dread lich
103232 | Zot:5    | Noticed a Killer Klown
103233 | Zot:5    | Killed an ancient lich
103237 | Zot:5    | Noticed an orb of fire
103240 | Zot:5    | Killed a dread lich
103242 | Zot:5    | Killed an orb of fire
103242 | Zot:5    | Identified the +2 robe of Claustrophobia {+Inv rPois rC-
                  | Int+2} (Okawaru gifted it to you on level 5 of the Realm of
                  | Zot)
103242 | Zot:5    | Received a gift from Okawaru
103253 | Zot:5    | Killed a Killer Klown
103269 | Zot:5    | Noticed a Killer Klown
103273 | Zot:5    | Killed a Killer Klown
103314 | Zot:5    | Noticed a dread lich
103320 | Zot:5    | Killed a dread lich
103383 | Zot:5    | Noticed a Killer Klown
103386 | Zot:5    | Killed a Killer Klown
103390 | Zot:5    | Reached skill level 15 in Armour
103649 | Zot:5    | Noticed a Killer Klown
103713 | Zot:5    | Noticed an orb of fire
103717 | Zot:5    | Gained mutation: You occasionally lose the ability to drink
                  | potions when taking damage. [an orb of fire]
103720 | Zot:5    | Noticed a Killer Klown
103726 | Zot:5    | Killed an orb of fire
103729 | Zot:5    | Killed a Killer Klown
103754 | Zot:5    | Killed a Killer Klown
105374 | Zot:5    | Noticed a Killer Klown
105378 | Zot:5    | Killed a Killer Klown
105378 | Zot:5    | Identified the +2 tower shield "Jureff" {Slay+4} (Okawaru
                  | gifted it to you on level 5 of the Realm of Zot)
105378 | Zot:5    | Received a gift from Okawaru
105379 | Zot:5    | Reached XP level 27. HP: 323/323 MP: 27/36
105439 | Zot:5    | Noticed a dread lich
105442 | Zot:5    | Killed a dread lich
107904 | Zot:5    | Got the Orb of Zot
108033 | Zot:1    | Noticed Fuufastro the pandemonium lord
108363 | D:4      | Noticed Asmaof the pandemonium lord
108503 | D:$      | Escaped with the Orb!

Illustrated notes

Levels and vault maps discovered:
D:1:      lemuel_arrival_rhombus, layout_loops_ring
D:2:      layout_basic, hellmonk_ecumenical_altar_zigzags,
          minmay_misc_feat_tiny, reono_crystal_passage, dk_noncrumbling_3
D:3:      layout_rooms, minmay_cupped, uniq_jessica, uniq_natasha
D:4:      layout_rooms, chequers_temple_overflow_minitemple, fedhas_altar_1,
          gammafunk_ghost_cemetery
D:5:      layout_loops_cross, uniq_grinder
D:6:      layout_loops_ring, amcnicky_altar_gilded, minmay_temple_entry_mist,
          nicolae_ossuary_entry_monument, grunt_ministairs_6, kennysheep_donut
D:7:      layout_rooms, mainiacjoe_overflow_catch_the_wave, serial_shops,
          nicolae_shop_hallway_plus
D:8:      layout_layer_cave, uniq_grum
D:9:      nicolae_cairo_tiling_large, layout_basic, enter_bailey_3,
          nicolae_eternal_life
D:10:     layout_rooms, dpeg_oklobed_lair, hiddenorc1_lemuel
D:11:     layout_cave_pods, uniq_gastronok
D:12:     layout_basic, uniq_urug
D:13:     layout_stronghold, david_vaults_3, grunt_ministairs_2
D:14:     layout_loops_cross, chequers_big_river, uniq_nessos, uniq_rupert,
          uniq_josephine
D:15:     grunt_enter_depths_hoard, layout_rooms, minmay_hedge_maze
Temple:   nicolae_temple_ecumenical_triangle
Lair:1:   layout_roguey, minmay_shattered_shrine
Lair:2:   layout_cellular_growth, nicolae_swamp_entry_splash_gauntlet,
          nicolae_volcano_entry_hallway, gammafunk_ghost_grave
Lair:3:   nzn_winding_woodlands_stair_trap [nzn_winding_woodlands_5x15_twine,
          nzn_winding_woodlands_5x15_zeroes,
          nzn_winding_woodlands_5x15_pathside_ponds,
          nzn_winding_woodlands_15x15_thick_spiral,
          nzn_winding_woodlands_5x15_garden, nzn_winding_woodlands_5x15_default,
          nzn_winding_woodlands_5x15_split_checker], layout_regular_city,
          minmay_snake_entry_guardpost_medium, portal_ice_cave_entry_pillars_2,
          grunt_forest_small_clearing_treed, grunt_megastairs_2
Lair:4:   layout_long_grid, slime_entry_1, grunt_megastairs_5,
          serial_bayou_shore_b
Lair:5:   minmay_lair_end_enchanted_forest, layout_cellular_growth
Swamp:1:  layout_falls_marsh, hangedman_swamp_pad, swamp_pool1,
          nicolae_swamp_super_fun_site, infiniplex_staircase_pool_2,
          uniq_jorgrun
Swamp:2:  layout_falls_marsh, nicolae_swamp_fairy_circle, uniq_donald
Swamp:3:  layout_basic_swamp, nicolae_swamp_round_clearing,
          roderic_carrion_pond, uniq_bai_suzhen
Swamp:4:  swamp_pestilence, layout_basic_swamp
Snake:1:  layout_misc_corridors, serial_shops, shop, uniq_nikola, uniq_azrael,
          uniq_kirke
Snake:2:  layout_misc_corridors, uniq_louise
Snake:3:  layout_cave_town, uniq_aizul
Snake:4:  grunt_snake_rune_pools, layout_chambers, serial_shops,
          nicolae_diamond_shop, minmay_shoptagon, grunt_megastairs_4,
          serial_bayou_shore_b
Orc:1:    layout_diamond_mine
Orc:2:    grunt_orc_cross, layout_caves, mines3_lemuel
Elf:1:    minmay_elf_arrival_summoners, layout_gridlike, gammafunk_ghost_ooze,
          basic_altar, minmay_elf_necromancy
Elf:2:    elven_hall_of_blades_hangedman_original
          [nicolae_blade_entry_pointy_end], layout_geoelf_octagon, serial_shops,
          shop
Elf:3:    grunt_elf_hall_spiral, layout_geoelf_diagonals, basic_altar,
          nicolae_elf_glass_and_crystal_pillar_2
Vaults:1: vaults_room_door_hall, ontoclasm_vaults_idyll, vaults_mumra_hexcomb,
          nicolae_vaults_shelves_hall, nicolae_vaults_little_squares_4,
          vaults_dpeg_emergency_exit, nicolae_vaults_specimen_jars,
          vaults_dpeg_hooks, layout_vaults_chaotic_city, serial_shops, shop
Vaults:2: vaults_room_semicircle, v_pattern_3, nicolae_vaults_what_the_h,
          blue_anna_dwarven_crypt, nicolae_vaults_hallways_thing,
          hangedman_vaults_corner_blocks, vaults_mumra_minichess,
          vaults_mumra_chevron, v_misc_32, vaults_room_hallway,
          vaults_dpeg_diagonal, nicolae_vaults_network_star,
          layout_vaults_omnibox
Vaults:3: nicolae_vaults_network_barrier, st_lines, v_misc_17, v_pattern_4,
          nicolae_vaults_shelves_hall, ontoclasm_vaults_ring_small, v_misc_22,
          nicolae_vaults_little_squares_5, layout_vaults_omnigrid, uniq_boris,
          uniq_asterion
Vaults:4: ontoclasm_vaults_chip, hangedman_vaults_stretched_pinwheel, v_misc_27,
          v_alt_pattern_3, v_pattern_2, v_misc_9,
          nicolae_vaults_mini_display_case, nicolae_vaults_little_squares_4,
          nicolae_vaults_back_hallway, vaults_room_grid, layout_vaults_ring
Vaults:5: serial_shops, uniq_mennas, uniq_mara, uniq_margery
Depths:1: layout_gridville, enter_ziggurat_f, hell_entry, minmay_misc_feat_iff,
          minmay_splitting_lines, kennysheep_generic_room_7
Depths:2: kennysheep_large_spiral, layout_cave_pools, pan_entry, hellmouth_1,
          abyss_entry, hangedman_decor_clover_reticule,
          infiniplex_staircase_zigzag_2, uniq_enchantress
Depths:3: vault_1, layout_cave_pools, minmay_room_of_horrors, hell_entry,
          serial_rivers, chequers_serial_rivers_marsh,
          chequers_serial_rivers_small_3, chequers_serial_rivers_room_a,
          chequers_serial_rivers_micro_a, infiniplex_staircase_split_hallway,
          serial_bayou_shore_b, uniq_jory
Depths:4: evilmike_zot_entry_round, layout_cross, grunt_mini_vestibule,
          abyss_entry_small_statue_room, gammafunk_ghost_icy,
          old_standard_altar, serial_bayou_shore_b, serial_bayou_shore_b
Zot:1:    layout_concentric_octagons
Zot:2:    cheibrodos_zot_enchanting_chambers, layout_onion_interference,
          uniq_parghit
Zot:3:    layout_concentric_octagons, amcnicky_altar_lugonu_corruption,
          uniq_tiamat
Zot:4:    layout_misc_corridors, grunt_ministairs_6, uniq_josephina
Zot:5:    layout_basic

Skill      XL: |  1  2  3  4  5  6  7  8  9 10 11 12 13 14 15 16 17 18 19 20 21 22 23 24 25 26 27 |
---------------+----------------------------------------------------------------------------------+-----
Maces & Flails | 3 4 5 9 10 11 14 16 17 18 20 | 20.0
Fighting       | 4 5 6 8 11 15 17 19 20 21 22 23 24 26 27 | 27.0
Throwing       | 3 4 6 9 11 13 15 17 19 20 22 24 25 26 27 | 27.0
Armour         | 1 4 6 7 8 10 14 15 16 | 16.0
Dodging        | 3 5 6 8 |  8.0
Invocations    | 5 6 10 11 12 14 15 17 19 | 19.5
Shields        | 2 6 7 10 12 13 14 | 14.0

Action                   |  1- 3 |  4- 6 |  7- 9 | 10-12 | 13-15 | 16-18 | 19-21 | 22-24 | 25-27 || total
-------------------------+-------+-------+-------+-------+-------+-------+-------+-------+-------++-------
Melee: Flail             |    23 |       |       |   447 |   543 |    42 |    64 |    19 |       ||  1138
       Whip              |   101 |   184 |   329 |    81 |   523 |   268 |   575 |   271 |   146 ||  2478
       Punch             |       |     1 |     3 |    14 |    16 |     6 |       |       |       ||    40
       Dagger            |       |       |       |    50 |       |       |       |       |       ||    50
       Giant club        |       |       |       |       |       |   388 |    24 |       |       ||   412
       Staff             |       |       |       |       |       |     3 |    22 |    18 |    13 ||    56
       Unarmed           |       |       |       |       |       |     2 |       |       |       ||     2
       Demon whip        |       |       |       |       |       |       |       |   197 |       ||   197
Throw: Large rock        |       |     2 |     3 |    16 |     5 |   205 |   509 |   632 |   519 ||  1891
       Throwing net      |       |       |     5 |     1 |       |     1 |       |       |       ||     7
       Dart              |       |       |    15 |    26 |     7 |       |       |       |       ||    48
       Stone             |       |       |       |    20 |       |       |       |       |       ||    20
       Boomerang         |       |       |       |    40 |   407 |   318 |       |   151 |       ||   916
       Javelin           |       |       |       |       |    26 |    54 |   113 |   100 |   120 ||   413
Invok: Heroism           |       |       |       |     7 |     8 |    14 |     8 |     8 |     3 ||    48
       Finesse           |       |       |       |     1 |     1 |     2 |     2 |     3 |     3 ||    12
Evoke: Wand              |       |       |     1 |     4 |       |       |       |     1 |     1 ||     7
       Phial of floods   |       |       |       |     1 |       |       |       |       |       ||     1
  Use: Scroll            |       |    11 |     7 |    11 |     3 |     3 |     1 |    10 |    10 ||    56
       Potion            |       |     2 |     3 |     4 |       |     3 |     1 |     3 |     9 ||    25
 Stab: Sleeping          |       |     2 |     2 |       |       |       |       |       |       ||     4
       Distracted        |       |       |       |     1 |       |       |       |       |       ||     1
       Held in net/web   |       |       |       |       |       |     1 |       |       |       ||     1
Armor: Robe              |    40 |    41 |    70 |    56 |       |       |       |       |       ||   207
       Skin              |       |     1 |     1 |       |       |       |       |       |       ||     2
       Troll leather arm |       |       |       |   120 |   162 |       |       |       |       ||   282
       Steam dragon scal |       |       |       |     1 |       |       |       |       |       ||     1
       Swamp dragon scal |       |       |       |       |   129 |   262 |   189 |   147 |     7 ||   734
       Gold dragon scale |       |       |       |       |       |       |       |       |   138 ||   138
Dodge: Dodged            |    63 |    65 |   129 |   247 |   264 |   280 |   141 |   141 |    53 ||  1383
Block: Other             |       |       |       |   118 |   158 |   123 |     3 |       |       ||   402
       Reflection        |       |       |       |     4 |    13 |    21 |    72 |    30 |     5 ||   145
       Kite shield       |       |       |       |       |       |    23 |       |       |       ||    23
       Tower shield      |       |       |       |       |       |       |   573 |   627 |   323 ||  1523

Table legend: (Time is in decaauts)
 A = Elapsed time spent in this place.
 B = Non-inter-level travel time spent in this place.
 C = Inter-level travel time spent in this place.
 D = Time resting spent in this place.
 E = Time spent auto-exploring this place.
 F = Levels seen in this place.
 G = Mean time per level.
                   A        B        C        D        E       F      G
               +--------+--------+--------+--------+--------+-----+--------+
         Total | 107651 |  95577 |  12074 |  37266 |  37410 |  51 | 2110.8 |
       Dungeon |  26628 |  21851 |   4777 |   7901 |   9731 |  15 | 1775.2 |
        Temple |     80 |     70 |     10 |      0 |     62 |   1 |   80.0 |
          Lair |   9665 |   8456 |   1209 |   2556 |   3373 |   5 | 1933.0 |
         Swamp |   8437 |   8075 |    362 |   3636 |   3234 |   4 | 2109.2 |
     Snake Pit |   7151 |   6751 |    400 |   2850 |   2461 |   4 | 1787.8 |
  Orcish Mines |   3272 |   2755 |    517 |   1111 |    888 |   2 | 1636.0 |
   Elven Halls |   5209 |   4871 |    338 |   1942 |   1856 |   3 | 1736.3 |
        Vaults |  16446 |  14904 |   1542 |   6502 |   5109 |   5 | 3289.2 |
        Depths |  11129 |   9617 |   1512 |   4105 |   3548 |   4 | 2782.2 |
           Zot |  16486 |  15080 |   1406 |   5782 |   6063 |   5 | 3297.2 |
       Ossuary |   1268 |   1268 |      0 |    288 |    682 |   1 | 1268.0 |
      Ice Cave |   1049 |   1049 |      0 |    330 |    321 |   1 | 1049.0 |
       Volcano |    824 |    824 |      0 |    260 |     79 |   1 |  824.0 |
               +--------+--------+--------+--------+--------+-----+--------+

Top non-repeatable levels by time:
   Zot:5: 4979 daAuts
Vaults:4: 4640 daAuts
   Zot:3: 4077 daAuts
 Swamp:4: 3469 daAuts
Vaults:1: 3325 daAuts
Vaults:5: 3288 daAuts
Depths:2: 3133 daAuts
Depths:4: 2999 daAuts
  Lair:3: 2974 daAuts
   Zot:1: 2922 daAuts
Depths:3: 2864 daAuts
Vaults:3: 2779 daAuts
     D:8: 2712 daAuts
 Snake:4: 2647 daAuts
   Zot:2: 2624 daAuts
